 Dungeon Crawl Stone Soup version 0.24-a0-422-g9eff3895ba (webtiles) character file.

Game seed: 274430555192582203

102 Azzok the Chopper (level 5, -10/41 HPs)
             Began as a Formicid Fighter on June 12, 2019.
             Killed by divine providence
             ... invoked by an orc priest
              (13 damage)
             ... on level 3 of the Dungeon.
             The game lasted 00:02:28 (1400 turns).

Azzok the Chopper (Formicid Fighter)                Turns: 1400, Time: 00:02:29

Health: -10/41     AC:  8    Str: 21    XL:     5   Next: 5%
Magic:  5/5        EV:  7    Int:  8    God:
Gold:   153        SH:  9    Dex: 10    Spells: 4/4 levels left

rFire    . . .     SeeInvis +   a - +1 war axe
rCold    . . .     Gourm    .   c - +0 shield
rNeg     . . .     Faith    .   b - +0 scale mail
rPois    .         Spirit   .   (helmet unavailable)
rElec    .         Reflect  .   p - +0 cloak
rCorr    .         Harm     .   (no gloves)
MR       .....                  (no boots)
Stlth    ..........             (no amulet)
HPRegen  0.13/turn              (no ring)
MPRegen  0.09/turn              (no ring)

@: no status effects
A: permanent stasis, dig shafts and tunnels, four strong arms, antennae 3
a: Dig, Shaft Self


You were on level 3 of the Dungeon.
You were not hungry.

You visited 1 branch of the dungeon, and saw 3 of its levels.

You collected 153 gold pieces.

Inventory:

Hand Weapons
 a - a +1 war axe (weapon)
Armour
 b - a +0 scale mail (worn)
 c - a +0 shield (worn)
 p - a +0 cloak (worn)
Scrolls
 i - a scroll of enchant weapon
 m - 2 scrolls of remove curse
Potions
 d - a potion of might
 e - 2 potions of lignification
 g - a potion of agility {unknown}
 h - a potion of haste
 j - a potion of heal wounds {unknown}
 l - 2 potions of cancellation {unknown}
 n - 2 potions of curing {unknown}
Comestibles
 f - 8 rations
 k - a chunk of flesh


   Skills:
 - Level 3.2 Fighting
 + Level 4.8 Axes
 - Level 3.2 Armour
 - Level 3.6 Shields


You had 4 spell levels left.
You didn't know any spells.
Your spell library was empty.

Dungeon Overview and Level Annotations

Branches:
Dungeon (3/15)

Altars:


Innate Abilities, Weirdness & Mutations

You cannot be hasted, slowed, berserked, paralysed or teleported.
You can dig through walls and to a lower floor.
Your four strong arms can wield two-handed weapons with a shield.
You have a pair of large antennae on your head. (SInv)


Message History

The orc priest hits you but does no damage.
You hit the orc priest.
The orc priest is severely wounded.
You barely miss the orc. You block the orc's attack.
The orc priest calls down the wrath of Beogh upon you.
Pain shoots through your body!
* * * LOW HITPOINT WARNING * * *
You barely miss the orc priest.
The orc priest is severely wounded.
You closely miss the orc. You block the orc's attack.
The orc priest hits you with a +0 dagger.
* * * LOW HITPOINT WARNING * * *
You block the orc's attack.
Your shield and scale mail prevent you from hitting the orc priest.
The orc priest is severely wounded.
You slash the orc!
You kill the orc!
The orc priest mumbles some strange prayers to Beogh against you.
Beogh smites you!
You die...

▒▒▒▒▒▒▒▒▒▒
······)@o▒
▒▒▒▒▒▒▒▒·▒
▒·▒ ▒·▒ ▒·▒
▒·▒
▒▒▒▒▒▒▒▒▒
▒·▒
▒·······▒▒▒
▒÷▒
··········▒
▒·▒


You could see an orc priest.

Vanquished Creatures
  An orc priest (D:3)
  2 adders (D:2)
  An ooze (D:1)
  2 worms (D:2)
  A dart slug (D:2)
  A leopard gecko (D:2)
  3 orcs (D:3)
  3 bats (D:2)
  A giant cockroach (D:3)
  6 goblins
  5 hobgoblins
  4 kobolds (D:2)
  A quokka (D:3)
  5 frilled lizards
  4 rats (D:2)
40 creatures vanquished.

Notes
Turn   | Place    | Note
-------+----------+-------------------------------------------
     0 | D:1      | Azzok the Formicid Fighter began the quest for the Orb.
     0 | D:1      | Reached XP level 1. HP: 18/18 MP: 1/1
   307 | D:1      | Reached XP level 2. HP: 21/24 MP: 2/2
   556 | D:2      | Reached skill level 3 in Axes
   584 | D:2      | Reached XP level 3. HP: 28/29 MP: 3/3
   759 | D:2      | Reached skill level 4 in Axes
   759 | D:2      | Reached XP level 4. HP: 33/35 MP: 4/4
  1387 | D:3      | Reached XP level 5. HP: 21/41 MP: 5/5
  1400 | D:3      | Killed from afar by an orc priest

Levels and vault maps discovered:
D:1:      dpeg_arrival_renting, layout_rooms
D:2:      layout_rooms, minmay_indecisive_spiral
D:3:      minmay_octagon_keep, layout_basic, first_ration, uniq_robin

Skill      XL: |  1  2  3 |
---------------+----------+-----
Axes           | 3 4 |  4.8
Fighting       | |  3.2
Armour         | |  3.2
Shields        | |  3.6

Action                   |  1- 3 |  4- 6 || total
-------------------------+-------+-------++-------
Melee: War axe           |    73 |    60 ||   133
  Use: Scroll            |       |    10 ||    10
  Eat: Chunk             |       |     2 ||     2
Armor: Scale mail        |    39 |    35 ||    74
Dodge: Dodged            |    31 |    17 ||    48
Block: Shield            |    34 |    28 ||    62

Table legend:
 A = Non-vault XP
 B = Vault XP
 C = Vault XP percentage of total XP
 D = Non-vault monster count
 E = Vault monster count
 F = Vault count percentage of total count
                 A         B        C        D         E       F
            +---------+---------+-------+---------+---------+-------
      Total |     135 |      11 |   7.5 |      36 |       4 |  10.0
            +---------+---------+-------+---------+---------+-------
        D:1 |      17 |       0 |   0.0 |       7 |       0 |   0.0
        D:2 |      61 |      11 |  15.3 |      21 |       4 |  16.0
        D:3 |      57 |       0 |   0.0 |       8 |       0 |   0.0
            +---------+---------+-------+---------+---------+-------
